 Dungeon Crawl Stone Soup version 0.18-a0-1225-g5d63bca (webtiles) character file.

429 M4edhros the Ducker (level 6, -1/38 HPs)
             Began as an Octopode Artificer on Feb 3, 2016.
             Slain by a sky beast (6 damage)
             ... on level 6 of the Dungeon.
             The game lasted 00:05:22 (1797 turns).

M4edhros the Ducker (Octopode Artificer)            Turns: 1797, Time: 00:05:23

Health: -1/38      AC:  1    Str:  9 (11) XL:     6   Next: 98%
Magic:  0/8        EV: 14    Int: 16      God:
Gold:   78         SH:  3    Dex: 12      Spells: 0 memorised, 5 levels left

rFire  . . .     SeeInvis .     o - +2 spear (pierce)
rCold  . . .     Gourm    .     (no shield)
rNeg   . . .     Faith    .     (helmet restricted)
rPois  .         Spirit   .     s - +3 amulet of reflection
rElec  .         Dismiss  .     (no ring)
rCorr  .         Reflect  +     (no ring)
SustAt .         Harm     .     (no ring)
MR     .....                    (no ring)
Stlth  +++.......               (no ring)
                                (no ring)
                                (no ring)
                                (no ring)

@: not resistant to hostile enchantments, fairly stealthy
A: almost no armour, amphibious, 8 rings, constrict 8, camouflage 1,
deterioration 1, gelatinous body 1, subdued magic 1, MP-powered wands
a: no special abilities


You were on level 6 of the Dungeon.
You were hungry.

You visited 1 branch of the dungeon, and saw 6 of its levels.

You collected 78 gold pieces.

Inventory:

Hand Weapons
 l - a +0 hunting sling
 o - a +2 spear of piercing (weapon)
 q - a +0 dagger of freezing
Missiles
 a - 131 stones (quivered)
 t - 17 sling bullets
 w - 4 curare-tipped needles
Jewellery
 g - an uncursed amulet of harm
 n - an uncursed amulet of the gourmand
 s - a +3 amulet of reflection (around mantle)
Wands
 b - a wand of flame (8/48)
 c - a wand of enslavement (14/24)
 d - a wand of random effects (7/48)
Scrolls
 e - a scroll of recharging
 j - 2 scrolls of noise
 m - a scroll of teleportation
Potions
 p - a potion of poison
 v - a potion of brilliance
Comestibles
 f - a bread ration
 i - 3 meat rations


   Skills:
 - Level 1.0 Fighting
 - Level 1.0 Short Blades
 * Level 4.2 Slings
 * Level 5.6 Dodging
 - Level 1.3 Stealth
 - Level 3.2 Evocations


You had 5 spell levels left.
You didn't know any spells.

Dungeon Overview and Level Annotations

Branches:
Dungeon (6/15)
 Temple: D:4-7

Altars:
Cheibriados
Gozag
Nemelex Xobeh

Shops:
D:4 *

Portals:
Sewer: D:6

Annotations:
D:4 Blork the orc, Sigmund


Innate Abilities, Weirdness & Mutations

You cannot wear most types of armour.
You are amphibious.
You can wear up to eight rings at the same time.
You can use your tentacles to constrict eight enemies at once.
Your skin changes colour to match your surroundings (Stealth).
Your rubbery body absorbs attacks (AC +1).
Your body sometimes deteriorates upon taking damage.
Your spells are a little easier to cast, but a little less powerful.
You expend magic power (3 MP) to strengthen your wands.


Message History

There is an open door here.
A sky beast appears from thin air!
Reactivating autopickup.
The sky beast flickers out of sight!
Deactivating autopickup; reactivate with Ctrl-A.
An orc comes into view. It is wielding a short sword.
A sky beast appears from thin air!
Reactivating autopickup.
The shadow imp barely misses you.
Evoke which item? (* to show all) (? for menu, Esc to quit)
Zapping:
c - a wand of enslavement (15/24)
Press: ? - help, Shift-Dir - straight line, f/p - sky beast
Aim: a sky beast (lightly wounded, chance to defeat MR: 59%)
The sky beast resists with significant effort.
This wand has 14 charges left.
You hear the brisk rusting of a drain nearby.
The sky beast hits you.
* * * LOW HITPOINT WARNING * * *
The sky beast shocks you.
You die...

..... ##.#...........#.##.#.
..... ....#........##....#.##.#.
...... ....#..#.##..##....#.##.#.
...... .......[..................
.##.#######...#..#.............#.
....#≈≈≈≈s#...#..#...#....#.#####
.##.#≈≈∩≈S+...............#.#####
.##.#S≈≈SS#......Y...............
.##.#######.....@#.......##'##+##
.................#.......#.......
.##..#.##..#.....#....>..#.......
.##..#.....#.............#.......
...........#.....#...#...+.......
.........###.##..#o..#.###.......
.##..#######.##..#...#.....).....
............................#####
.##..#######..#..#...#...##'#


You could see a sky beast, 2 adders and a giant cockroach.

Vanquished Creatures
  Eustachio (D:6)
  An ice beast (D:6)
  An ogre (D:6)
  A hound (D:6)
  A worker ant (D:6)
  2 worker ant zombies (D:6)
  An adder (D:4)
  An adder zombie (D:6)
  2 giant geckos (D:6)
  An orc (D:3)
  A bat (D:2)
  2 goblins (D:3)
  A hobgoblin (D:3)
  A kobold (D:2)
  3 quokkas
  A ball python (D:2)
  A giant newt (D:2)
  2 rats (D:3)
24 creatures vanquished.

Notes
Turn   | Place    | Note
--------------------------------------------------------------
     0 | D:1      | M4edhros the Octopode Artificer began the quest for the Orb.
     0 | D:1      | Reached XP level 1. HP: 13/13 MP: 3/3
   194 | D:1      | You fall through a shaft!
   477 | D:2      | Found a sparkling altar of Nemelex Xobeh.
   636 | D:2      | Found a faded altar to an unknown god.
   690 | D:3      | Reached XP level 2. HP: 18/18 MP: 4/4
  1065 | D:4      | Reached XP level 3. HP: 23/23 MP: 5/5
  1114 | D:4      | Noticed Sigmund
  1233 | D:4      | Found Gozag's Platinum Reserve.
  1236 | D:4      | Found an opulent altar of Gozag.
  1246 | D:4      | Noticed Blork the orc
  1264 | D:5      | Entered Level 5 of the Dungeon
  1311 | D:5      | Noticed a slave
  1311 | D:5      | Noticed a slave
  1312 | D:5      | Noticed a slave
  1312 | D:5      | Noticed a slave
  1345 | D:6      | Found a snail-covered altar of Cheibriados.
  1376 | D:6      | Reached skill level 1 in Slings
  1435 | D:6      | Reached XP level 4. HP: 15/28 MP: 6/6
  1469 | D:6      | Noticed an ogre
  1474 | D:6      | Killed an ogre
  1474 | D:6      | Reached skill level 4 in Dodging
  1474 | D:6      | Reached XP level 5. HP: 22/33 MP: 7/7
  1525 | D:6      | Found a glowing drain.
  1527 | D:6      | Noticed Eustachio
  1540 | D:6      | Noticed an ice beast
  1581 | D:6      | Killed Eustachio
  1581 | D:6      | Reached skill level 5 in Dodging
  1581 | D:6      | Reached XP level 6. HP: 31/38 MP: 8/8
  1584 | D:6      | Gained mutation: You expend magic power (3 MP) to strengthen your wands. [potion of mutation]
  1584 | D:6      | Gained mutation: Your spells are a little easier to cast, but a little less powerful. [potion of mutation]
  1584 | D:6      | Gained mutation: Your body sometimes deteriorates upon taking damage. [potion of mutation]
  1595 | D:6      | Killed an ice beast
  1750 | D:6      | Noticed a sky beast
  1797 | D:6      | Slain by a sky beast

Vault maps used:
D:1:      evilmike_arrival_hilbert_curve, solitary_fountain
D:2:      marbit_many_paths, ecumenical_altar_1
D:3:      forest_paths, grunt_temple_overflow_diamond, first_bread
D:4:      nicolae_gozag_zags_fifth_avenue, uniq_blork_the_orc, uniq_sigmund
D:5:      temple_fountains, st_stairs_10, uniq_pikel
D:6:      elyvilon_altar_5, cheibriados_altar_1, gup_sewer_entry_glass,
          uniq_eustachio

Action                   |  1- 3 |  4- 6 || total
-------------------------+-------+-------++-------
Melee: Short sword       |    10 |       ||    10
       Spear             |    26 |    20 ||    46
Evoke: Wand              |     3 |    13 ||    16
  Use: Scroll            |       |     5 ||     5
       Potion            |       |     5 ||     5
 Stab: Sleeping          |     6 |       ||     6
       Confused          |     1 |       ||     1
  Eat: Chunk             |     1 |     1 ||     2
